Map: Galactic Process LE

Players

Matiz - Winner!

  • Race: Zerg Zerg
  • Spawn Location: 7:00

Retribution

  • Race: Terran Terran
  • League: Master
  • Spawn Location: 1:00

VOD

Have the link to the VOD?

Description

Time

  • Played on: Sept. 25, 2016, 7:47 p.m.
  • Length: 4:27
Show
View Real Time Build Order
Export as new Build Order

Matiz Zerg - Winner!

Build Orders: Pool Only, Ravager All-In 

Get SALT Encoding   

  12  0:01  Drone  
  13  0:22  Spawning Pool  
  13  0:25  Drone  
  13  0:29  Drone  
  13  0:33  Extractor  
  13  0:35  Drone  
  14  0:45  Overlord  
  14  0:52  Extractor  
  14  0:53  Drone  
  14  1:05  Drone  
  14  1:10  Roach Warren  
  14  1:21  Overlord  
  14  1:51  Roach x3  
  20  2:03  Roach  
  22  2:11  Ravager x3  
  25  2:18  Roach  
  27  2:29  Roach  
  29  2:41  Overlord  
  29  2:46  Ravager  
  30  3:02  Ravager x2  
  30  3:04  Roach  
  34  3:09  Roach  
  36  3:21  Overlord  
  33  3:35  Roach  
  33  3:36  Ravager  
  36  4:05  Roach x3  
  36  4:24  Ravager  
Show
View Real Time Build Order
Export as new Build Order

Retribution Terran 

Build Orders: Reaper Expand 

Get SALT Encoding   

  12  0:03  SCV  
  13  0:15  SCV  
  13  0:18  Supply Depot  
  14  0:27  SCV  
  15  0:40  SCV  
  15  0:41  Barracks  
  16  0:45  Refinery  
  16  0:52  SCV  
  17  1:04  SCV  
  18  1:16  SCV  
  19  1:27  Reaper  
  19  1:28  Orbital Command  
  20  1:43  Command Center  
  20  1:54  Supply Depot, SCV  
  20  2:00  Reaper  
  22  2:06  SCV  
  23  2:20  SCV  
  23  2:22  Factory  
  23  2:30  Bunker  
  23  2:32  SCV  
  23  2:33  Refinery  
  23  2:34  Marine  
  25  2:44  SCV  
  26  2:52  Marine  
  26  2:56  SCV  
  27  3:06  Starport, Factory Tech Lab  
  27  3:08  SCV  
  27  3:10  Marine  
  29  3:13  Orbital Command  
  29  3:21  SCV  
  30  3:27  Siege Tank  
  30  3:37  Marine  
  30  3:38  SCV  
  29  3:43  SCV  
  29  3:46  Medivac  
  29  3:53  SCV  
  18  4:05  Marine  
  18  4:07  SCV  
Tags
 
Add a new tag
Caveats
  • Supply blocks, unpowered buildings, or Contaminate may cause inaccurate times.
  • Supply counts are checked every 10 seconds.